 Dungeon Crawl Stone Soup version 0.27-a0-1154-gfdeffcb720 (webtiles) character file.

Game seed: 1009453689849481980

107 tilp the Grave Robber (level 4, -1/32 HPs)
             Began as a Demonspawn Necromancer on May 14, 2021.
             Slain by a river rat (7 damage)
             ... on level 3 of the Dungeon.
             The game lasted 00:04:38 (3057 turns).

tilp the Grave Robber (Demonspawn Necromancer)      Turns: 3057, Time: 00:04:38

Health: -1/32      AC:  2    Str:  9    XL:     4   Next: 57%
Magic:  12/16      EV: 12    Int: 17    God:
Gold:   67         SH:  0    Dex: 13    Spells: 5/7 levels left

rFire    . . .     SeeInvis .   a - +2 dagger (speed)
rCold    . . .     Faith    .   (no shield)
rNeg     . . .     Spirit   .   p - +0 robe
rPois    .         Reflect  .   (helmet restricted)
rElec    .         Harm     .   (no cloak)
rCorr    .         Rampage  .   (no gloves)
Will     .....                  (no boots)
Stlth    +.........             (no amulet)
HPRegen  0.10/turn              m - ring of magical power
MPRegen  0.15/turn              (no ring)

@: very slow
A: antennae 1
a: no special abilities


You were on level 3 of the Dungeon.
You visited 1 branch of the dungeon, and saw 3 of its levels.

You collected 67 gold pieces.

Inventory:

Hand Weapons
 a - a +2 dagger of speed (weapon)
 b - a +0 dagger
Missiles
 c - 129 stones
Armour
 d - a +0 chain mail
 o - a +0 pair of gloves
 p - a +0 robe (worn)
Jewellery
 m - a ring of magical power (left hand)
Wands
 i - a wand of iceblast (10)
Scrolls
 j - a scroll of teleportation
Potions
 e - 2 potions of heal wounds
 f - a potion of brilliance
 g - a potion of curing {unknown}
 h - 2 potions of attraction
 k - a potion of cancellation {unknown}
 l - a potion of lignification {unknown}
 n - a potion of magic {unknown}


   Skills:
 + Level 1.2 Fighting
 + Level 2.2 Dodging
 + Level 2.2 Stealth
 - Level 2.0 Spellcasting
 - Level 6.0 Necromancy


You had 5 spell levels left.
You knew the following spells:

 Your Spells              Type           Power      Damage    Failure   Level
a - Pain                  Necr           88%        1d8       1%          1
b - Animate Skeleton      Necr           44%        N/A       1%          1

Your spell library contained the following spells:

 Spells                   Type           Power      Damage    Failure   Level
 Vampiric Draining        Necr           11%        2d7       4%          3
 Animate Dead             Necr           11%        N/A       16%         4
 Agony                    Necr           22%        N/A       41%         5


Dungeon Overview and Level Annotations

Branches:
Dungeon (3/15)

Altars:


Innate Abilities, Weirdness & Mutations

You have a pair of small antennae on your head.


Message History

A rat and a river rat come into view.
You hear the rusting of a drain very nearby.
The river rat closely misses you.
You see here a worm corpse.
Casting: Animate Skeleton (safe; 1% risk of failure)
Confirm with . or Enter, or press ? or * to list all spells.
Aiming: Pain (safe; 1% risk of failure)
Press: ? - help, Shift-Dir - straight line, f - river rat
Aim: a river rat (chance to affect: 87%)
The river rat writhes in agony.
The river rat bites you!
Unknown command.
Casting: Pain (safe; 1% risk of failure)
Confirm with . or Enter, or press ? or * to list all spells.
Aiming: Pain (safe; 1% risk of failure)
Press: ? - help, Shift-Dir - straight line, f/p - river rat
Aim: a river rat (heavily wounded, chance to affect: 87%)
The river rat writhes in agony.
A worm comes into view.
Unknown command.
The river rat twitches its whiskers.
The river rat bites you.
* * * LOW HITPOINT WARNING * * *
Casting: Pain (safe; 1% risk of failure)
Confirm with . or Enter, or press ? or * to list all spells.
Aiming: Pain (safe; 1% risk of failure)
Press: ? - help, Shift-Dir - straight line, f/p - river rat
Aim: a river rat (severely wounded, chance to affect: 87%)
The river rat barely resists.
The endoplasm quivers.
The endoplasm jiggles.
The river rat closely misses you.
Unknown command.
Casting: Pain (safe; 1% risk of failure)
Confirm with . or Enter, or press ? or * to list all spells.
Aiming: Pain (safe; 1% risk of failure)
Press: ? - help, Shift-Dir - straight line, f/p - river rat
Aim: a river rat (severely wounded, chance to affect: 87%)
The river rat writhes in agony.
The endoplasm hits you but does no damage.
The river rat bites you!
You die...

##+########## #.#.
#...........# #.#.
#...........## #.#.
#.....≈......#####.#.
#...≈≈≈≈≈.≈..†...#.#.
....####≈#≈#≈≈.........
#.###≈≈≈≈≈≈≈≈≈.....#.#.
.. #J########.....#.#.
. #≈@rr≈≈# #######.#.
####w#≈# #.#. ≈# ....
≈# #.#. ≈# #.#. ##


You could see a worm, a river rat, an endoplasm and a rat.

Vanquished Creatures
  Jessica (D:2)
  2 river rats (D:3)
  2 adders
  2 worms
  3 endoplasms
  2 giant cockroaches
  2 goblins
  6 hobgoblins
  2 jackals (D:2)
  6 kobolds
  A quokka (D:1)
  3 ball pythons
  2 bats (D:3)
  A frilled lizard (D:1)
  4 rats (D:1)
39 creatures vanquished.

Notes
Turn   | Place    | Note
-------+----------+-------------------------------------------
     0 | D:1      | tilp the Demonspawn Necromancer began the quest for the
                  | Orb.
     0 | D:1      | Reached XP level 1. HP: 13/13 MP: 3/3
     2 | D:1      | Learned a level 1 spell: Animate Skeleton
   421 | D:1      | Gained mutation: You have a pair of small antennae on your
                  | head. [demonic ancestry]
   421 | D:1      | Reached XP level 2. HP: 17/19 MP: 1/5
   494 | D:1      | Reached skill level 5 in Necromancy
  1798 | D:2      | Reached XP level 3. HP: 20/24 MP: 6/6
  2332 | D:2      | Found a faded altar of an unknown god.
  2668 | D:2      | Noticed Jessica
  2670 | D:2      | Killed Jessica
  2671 | D:2      | Reached skill level 6 in Necromancy
  2671 | D:2      | Reached XP level 4. HP: 29/31 MP: 7/7
  2941 | D:3      | Reached skill level 1 in Fighting
  3057 | D:3      | Slain by a river rat

Illustrated notes

Levels and vault maps discovered:
D:1:      minmay_arrival_four_circles, layout_loops_ring
D:2:      layout_basic, shapermc_ecumenical_altar_gd,
          chequers_serial_rivers_small_a, uniq_jessica
D:3:      layout_basic, serial_rivers, chequers_serial_rivers_small_b,
          chequers_serial_rivers_large_a, chequers_serial_rivers_small_3,
          chequers_serial_rivers_micro_b, lightli_sewer_entry_pipes,
          gammafunk_ghost_nasty_kobolds, serial_bayou_pond_b, uniq_robin

Skill      XL: |  1  2  3  4 |
---------------+-------------+-----
Necromancy     | 5 6 |  6.0
Stealth        | 2 |  2.2
Dodging        | 2 |  2.2
Fighting       | 1 |  1.2
Spellcasting   | |  2.0

Action                   |  1- 3 |  4- 6 || total
-------------------------+-------+-------++-------
Melee: Dagger            |    30 |     2 ||    32
 Cast: Pain              |    53 |    23 ||    76
       Animate Skeleton  |     2 |     1 ||     3
  Use: Scroll            |     3 |     2 ||     5
 Stab: Sleeping          |     1 |       ||     1
Armor: Robe              |    12 |     1 ||    13
Dodge: Dodged            |    33 |     3 ||    36

Table legend: (Time is in decaauts)
 A = Elapsed time spent in this place.
 B = Non-inter-level travel time spent in this place.
 C = Inter-level travel time spent in this place.
 D = Time resting spent in this place.
 E = Time spent auto-exploring this place.
 F = Levels seen in this place.
 G = Mean time per level.
                   A        B        C        D        E       F      G
               +--------+--------+--------+--------+--------+-----+--------+
         Total |   3061 |   3021 |     40 |    995 |   1608 |   3 | 1020.3 |
       Dungeon |   3061 |   3021 |     40 |    995 |   1608 |   3 | 1020.3 |
               +--------+--------+--------+--------+--------+-----+--------+

Top non-repeatable levels by time:
     D:1: 1743 daAuts
     D:2: 1059 daAuts
     D:3: 258 daAuts
